 Dungeon Crawl Stone Soup version 0.28.0-43-g3370ac3207 (webtiles) character file.

Game seed: 8912735529748810803

709122 rlgrobin the Impregnable (level 27, -10/131 HPs)
             Began as a Gargoyle Cinder Acolyte on Mar 4, 2022.
             Was a Believer of Ashenzari.
             Killed from afar by an orb of fire (22 damage)
             ... with a fireball
             ... on level 5 of the Realm of Zot on Mar 5, 2022.
             The game lasted 04:16:54 (112842 turns).

rlgrobin the Impregnable (GrCA)                   Turns: 112842, Time: 04:16:55

Health: -10/131    AC: 55    Str: 36      XL:     27
Magic:  43/43      EV: 11    Int: 21 (23) God:    Ashenzari [**....]
Gold:   2398       SH:  0    Dex:  1 (3)  Spells: 18/58 levels left

rFire   + + .      SeeInvis +   b - +9 battleaxe of the Dead {vorpal, rC+ MP-9 Str+2 Int+3}
rCold   + . .      Faith    .   (shield currently unavailable)
rNeg    + + .      Spirit   .   t - +8 fire dragon scales of Ashenzari's Omen {rF++ rC-, Elem, Fort} (curse)
rPois   ∞          Reflect  .   s - +2 hat of the Perceptive Planets {rN+ MP+9 Int+3 Slay+4 Stlth-, Elem, Alch} (curse)
rElec   +          Harm     .   P - +2 cloak {rCorr}
rCorr   +          Rampage  .   p - +2 pair of gloves "Suspicion of Ashenzari" {Str+3, Self, Bglg} (curse)
Will    +++..      Rage     1%  M - +2 pair of boots {Stlth+}
Stlth   ..........              d - amulet of magic regeneration
HPRegen 1.11/turn               D - ring of willpower
MPRegen 0.68/turn               h - ring "Luceutav" {+Blink rC+ Str+3 SInv}

@: flying, studying 4 skills, unable to read
A: sickness immunity, AC +20, big wings, negative energy resistance 1,
electricity resistance, torment resistance 1, petrification resistance, berserk
1, clumsy 2, deformed body, dopey 1, frail 3, regeneration 1, screaming 1,
strong 1, no potion heal 2, subdued magic 1, inability to read while threatened
}: 5/15 runes: barnacled, slimy, silver, abyssal, gossamer
a: Renounce Religion, Evoke Blink, Shatter the Chains


You were on level 5 of the Realm of Zot.
You worshipped Ashenzari.
Ashenzari was pleased with you.
You visited 14 branches of the dungeon, and saw 59 of its levels.
You visited the Abyss 1 time.
You also visited: Sewer, Ice Cave, Wizlab and Desolation.

You collected 27761 gold pieces.
You spent 11305 gold pieces at shops.
You paid 14058 gold pieces to Gozag.

Inventory:

Hand Weapons
 a - the +7 war axe of a Labyrinth {spect, rElec Will+ Dex+3 Stlth+}
   (You took it off a vault sentinel on level 5 of the Vaults)

   When its wielder attacks, the weapon's spirit leaps out and strikes again.
   The spirit shares a part of any damage it takes with its wielder.
   Dex:       It affects your dexterity (+3).
   rElec:     It insulates you from electricity.
   Will:      It increases your willpower.
   Stlth:     It makes you more stealthy.
 b - the +9 battleaxe of the Dead (weapon) {vorpal, rC+ MP-9 Str+2 Int+3}
   (You found it on level 5 of the Pits of Slime)

   It inflicts extra damage upon your enemies.
   Str:       It affects your strength (+2).
   Int:       It affects your intelligence (+3).
   rC:        It protects you from cold.
   MP:        It affects your magic capacity (-9).
 c - the +12 hand axe of the Final Decision {vamp, Int+5}
   (You found it on level 2 of the Dungeon)

   It occasionally heals its wielder for a portion of the damage dealt when it
   wounds a living foe.
   Int:       It affects your intelligence (+5).
Armour
 p - the cursed +2 pair of gloves "Suspicion of Ashenzari" (worn) {Str+3, Self, Bglg}
   (You found it in the Desolation of Salt)

   It has a curse which improves the following skills: Introspection: Fighting
   and Spellcasting.
   Beguiling: Conjurations, Hexes and Translocations.
 s - the cursed +2 hat of the Perceptive Planets (worn) {rN+ MP+9 Int+3 Slay+4 Stlth-, Elem, Alch}
   (You found it on level 4 of the Realm of Zot)

   Int:       It affects your intelligence (+3).
   Slay:      It affects your accuracy & damage with ranged weapons and melee
   (+4).
   rN:        It protects you from negative energy.
   MP:        It affects your magic capacity (+9).
   Stlth:     It makes you less stealthy.
   It has a curse which improves the following skills: Elements: Fire Magic, Ice
   Magic, Air Magic and Earth Magic.
   Alchemy:   Poison Magic and Transmutations.
 t - the cursed +8 fire dragon scales of Ashenzari's Omen (worn) {rF++ rC-, Elem, Fort}
   (You bought it in a shop on level 1 of the Lair of Beasts)

   rF:        It greatly protects you from fire.
   rC:        It makes you vulnerable to cold.
   It has a curse which improves the following skills: Elements: Fire Magic, Ice
   Magic, Air Magic and Earth Magic.
   Fortitude: Armour and Shields.
 M - a +2 pair of boots of stealth (worn)
 P - a +2 cloak of preservation (worn)
Magical Staves
 u - a staff of fire
 X - a staff of earth
Jewellery
 d - an amulet of magic regeneration (around neck)
 h - the ring "Luceutav" (right hand) {+Blink rC+ Str+3 SInv}
   (You took it off a merfolk aquamancer on level 4 of the Shoals)

   [ring of protection from cold]

   Str:       It affects your strength (+3).
   rC:        It protects you from cold.
   SInv:      It lets you see invisible.
   +Blink:    It lets you blink.
 D - a ring of willpower (left hand)
Wands
 x - a wand of acid (15)
 E - a wand of digging (17)
 K - a wand of iceblast (37)
 O - a wand of mindburst (22)
 W - a wand of paralysis (21)
Scrolls
 e - 13 scrolls of vulnerability
 i - a scroll of acquirement
 l - 11 scrolls of teleportation
 r - 7 scrolls of blinking
 y - 10 scrolls of fog
 A - 6 scrolls of amnesia
 B - 4 scrolls of magic mapping
 C - 9 scrolls of immolation
 F - a scroll of noise
 J - a scroll of summoning
 N - a scroll of torment
 U - 2 scrolls of silence
 V - 7 scrolls of fear
Potions
 f - a potion of might
 g - 5 potions of heal wounds
 n - 10 potions of lignification
 o - 22 potions of curing
 H - 7 potions of ambrosia
 I - 12 potions of attraction
 S - 5 potions of magic
 T - 3 potions of brilliance
 Y - 4 potions of haste
Miscellaneous
 j - a lightning rod (4/4)
 k - a tin of tremorstones (2/2)
 m - a condenser vane
 q - a phantom mirror
 v - a box of beasts (inert)
 w - the horn of Geryon
 z - a phial of floods


   Skills:
 - Level 22.0(23.0) Fighting
 - Level 13.8(14.0) Axes
 - Level 3.0(12.6) Maces & Flails
 - Level 11.8(12.0) Staves
 - Level 2.0 Throwing
 - Level 22.0(23.0) Armour
 - Level 18.0 Dodging
 - Level 15.0(16.1) Spellcasting
 - Level 13.8(15.0) Conjurations
 + Level 14.2 Necromancy
 - Level 6.0(7.2) Translocations
 + Level 12.9(14.1) Transmutations
 - Level 6.0(7.9) Fire Magic
 - Level 6.0(7.9) Air Magic
 + Level 17.4(19.1) Earth Magic
 - Level 15.0 Evocations


You had 18 spell levels left.
You knew the following spells:

 Your Spells              Type           Power      Damage    Failure   Level
a - Lehudib's Crystal Sp  Conj/Erth      31%        10d8      26%         8
b - Borgnjor's Vile Clut  Necr/Erth      30%        N/A       1%          5
c - Iron Shot             Conj/Erth      31%        9d6       1%          6
p - Wereblood             Tmut           56%        N/A       0%          2
s - Swiftness             Air            38%        N/A       1%          3
x - Necromutation         Tmut/Necr      28%        N/A       65%         8
z - Irradiate             Conj/Tmut      28%        3d23      1%          5
C - Blink                 Tloc           72%        N/A       1%          2
Z - Apportation           Tloc           72%        N/A       1%          1

Your spell library contained the following spells:

 Spells                   Type           Power      Damage    Failure   Level
 Animate Skeleton         Necr           100%       N/A       0%          1
 Beastly Appendage        Tmut           100%       N/A       0%          1
 Magic Dart               Conj           100%       1d8       0%          1
 Pain                     Necr           100%       1d9       0%          1
 Sandblast                Erth           100%       2d20      0%          1
 Passwall                 Tmut/Erth      50%        N/A       0%          2
 Stone Arrow              Conj/Erth      100%       3d13      0%          3
 Foxfire                  Conj/Fire      100%       2x1d9     1%          1
 Sting                    Tmut/Pois      100%       1d8       1%          1
 Corpse Rot               Necr/Air       96%        N/A       1%          2
 Poisonous Vapours        Pois/Air       52%        N/A       1%          2
 Scorch                   Fire           76%        2d9       1%          2
 Conjure Flame            Conj/Fire      50%        6-21      1%          3
 Dazzling Flash           Conj/Hex       74%        N/A       1%          3
 Gell's Gravitas          Tloc           36%        N/A       1%          3
 Ignite Poison            Fire/Tmut/Pois 36%        N/A       1%          3
 Lesser Beckoning         Tloc           36%        N/A       1%          3
 Mephitic Cloud           Conj/Pois/Air  37%        N/A       1%          3
 Spider Form              Tmut/Pois      36%        N/A       1%          3
 Teleport Other           Tloc           36%        N/A       1%          3
 Vampiric Draining        Necr           56%        2d10      1%          3
 Airstrike                Air            19%        N/A       1%          4
 Anguish                  Hex/Necr       18%        N/A       1%          4
 Animate Armour           Summ/Erth      86%        N/A       1%          4
 Animate Dead             Necr           28%        N/A       1%          4
 Flame Wave               Conj/Fire      50%        2d10      1%          4
 Hailstorm                Conj/Ice       37%        3d9       1%          4
 Ice Form                 Ice/Tmut       36%        N/A       1%          4
 Iskenderun's Mystic Bla  Conj/Tloc      48%        2d11      1%          4
 Leda's Liquefaction      Hex/Erth       22%        N/A       1%          4
 Passage of Golubria      Tloc           36%        N/A       1%          4
 Petrify                  Tmut/Erth      61%        N/A       1%          4
 Sticky Flame             Conj/Fire      50%        2d7       1%          4
 Agony                    Necr           56%        N/A       1%          5
 Blade Hands              Tmut           28%        N/A       1%          5
 Excruciating Wounds      Necr           28%        N/A       1%          5
 Fireball                 Conj/Fire      25%        3d11      1%          5
 Iskenderun's Battlesphe  Conj           57%        2d11      1%          5
 Lightning Bolt           Conj/Air       25%        1d41      1%          5
 Death Channel            Necr           28%        N/A       1%          6
 Inner Flame              Hex/Fire       26%        N/A       2%          3
 Portal Projectile        Hex/Tloc       48%        N/A       2%          3
 Freeze                   Ice            52%        1d7       3%          1
 Summon Small Mammal      Summ           52%        N/A       3%          1
 Ensorcelled Hibernation  Hex/Ice        26%        N/A       5%          2
 Manifold Assault         Tloc           36%        N/A       5%          5
 Conjure Ball Lightning   Conj/Air       25%        3x3d7     5%          6
 Starburst                Conj/Fire      25%        6d8       5%          6
 Call Imp                 Summ           13%        N/A       6%          2
 Alistair's Intoxication  Tmut/Pois      24%        N/A       6%          5
 Orb of Destruction       Conj           28%        9d9       7%          7
 Summon Lightning Spire   Summ/Air       25%        N/A       8%          4
 Dragon Form              Tmut           28%        N/A       11%         7
 Confusing Touch          Hex            13%        N/A       12%         3
 Frozen Ramparts          Ice            26%        1d4       12%         3
 Ozocubu's Armour         Ice            13%        N/A       12%         3
 Summon Guardian Golem    Hex/Summ       13%        N/A       12%         3
 Tukima's Dance           Hex            13%        N/A       12%         3
 Call Canine Familiar     Summ           13%        N/A       13%         3
 Dispersal                Tloc           18%        N/A       32%         6
 Simulacrum               Ice/Necr       18%        N/A       32%         6
 Eringya's Noxious Bog    Tmut/Pois      18%        N/A       34%         6
 Cause Fear               Hex            6%         N/A       38%         4
 Olgreb's Toxic Radiance  Pois           13%        N/A       38%         4
 Summon Ice Beast         Ice/Summ       13%        N/A       38%         4
 Storm Form               Tmut/Air       24%        N/A       38%         7
 Borgnjor's Revivificati  Necr           28%        N/A       63%         8
 Infestation              Necr           28%        N/A       63%         8
 Metabolic Englaciation   Hex/Ice        6%         N/A       75%         5
 Summon Mana Viper        Hex/Summ       13%        N/A       77%         5
 Spellforged Servitor     Conj/Summ      18%        N/A       87%         7
 Haunt                    Necr/Summ      18%        N/A       91%         7
 Malign Gateway           Summ/Tloc      12%        N/A       100%        7
 Ignition                 Fire           19%        3d7       100%        8
 Maxwell's Capacitive Co  Air            19%        ∞         100%        8
 Death's Door             Necr           28%        N/A       100%        9
 Dragon's Call            Summ           6%         N/A       100%        9
 Sublimation of Blood     Necr           Unusable   N/A       N/A         2
 Statue Form              Tmut/Erth      Unusable   N/A       N/A         6

Dungeon Overview and Level Annotations

Branches:
Dungeon (15/15)            Temple (1/1) D:5            Lair (6/6) D:8
 Shoals (4/4) Lair:3       Spider (4/4) Lair:2        Slime (5/5) Lair:6
    Orc (2/2) D:10            Elf (3/3) Orc:2        Vaults (5/5) D:13
  Crypt (3/3) Vaults:3       Tomb (1/3) Crypt:3      Depths (4/4) D:15
   Hell (visited)             Dis (0/7) Hell            Geh (0/7) Hell
    Coc (0/7) Hell            Tar (0/7) Hell            Zot (5/5) Depths:4
  Sewer (visited)           IceCv (visited)          WizLab (visited)
Desolation (visited)

Altars:
Ashenzari
Cheibriados
Dithmenos
Elyvilon
Fedhas
Gozag
Hepliaklqana
Kikubaaqudgha
Makhleb
Nemelex Xobeh
Okawaru
Qazlal
Ru
Sif Muna
Trog
Uskayaw
Vehumet
Wu Jian
Xom
Yredelemnul
Zin
The Shining One
Beogh
Jiyva

Shops:
D:12 !   D:14 *   Orc:1 :   Orc:2 [[*(   Elf:2 (   Lair:1 [!:*![:   Shoals:1 (:
Shoals:3 [   Depths:1 [?

Portals:
Hell: Depths:1 Depths:2 Depths:3 Depths:4
Abyss: Depths:1 Depths:3 Depths:4
Pandemonium: Depths:2
Ziggurat: Depths:4

Annotations:
Zot:4 /OOF, exclusion: door
Zot:5 exclusion: orange crystal statue


Innate Abilities, Weirdness & Mutations

You are immune to sickness and miasma.
Your stone body is resilient. (AC +20)
You are immune to poison.
Your large and strong wings let you fly.
You resist negative energy. (rN+)
You are resistant to electric shocks. (rElec)
You are resistant to unholy torment.
You are immune to petrification.
You tend to lose your temper in combat.
You are very clumsy. (Dex -4)
Armour fits poorly on your strangely shaped body.
You are dopey. (Int -2)
You are extremely frail. (-30% HP)
Your natural rate of healing is unusually fast.
You occasionally shout uncontrollably at your foes.
Your muscles are strong. (Str +2)
Potions cannot restore your health.
Your spells are a little easier to cast, but a little less powerful.
You sometimes lose the ability to read scrolls when taking damage.


Message History

The orb of fire glows bright magenta.
The bolt of fire hits you! You resist.
You feel threatened and lose the ability to read scrolls!
* * * LOW HITPOINT WARNING * * *
You barely miss the orb of fire.
The orb of fire is severely damaged.
The orb of fire glows deep purple.
The bolt of fire hits you. You resist.
* * * LOW HITPOINT WARNING * * *
The orb of fire glows yellow.
The bolt of fire hits the orb of fire.
The orb of fire completely resists.
The bolt of fire misses you.
You miss the orb of fire.
The orb of fire is severely damaged.
Your resistance to elements expires.
The orb of fire glows deep purple.
Strange energies course through your body.
You feel clumsy.
The orb of fire glows red.
Strange energies course through your body.
Your system completely rejects the healing effects of potions.
The orb of fire glows red.
The fireball explodes!
The fireball engulfs the orb of fire.
The orb of fire completely resists.
The fireball engulfs the orb of fire.
The orb of fire completely resists.
The fireball engulfs you!! You resist.
* * * LOW HITPOINT WARNING * * *
You slice the orb of fire!!
The orb of fire is almost destroyed.
You feel a little less mighty now.
The orb of fire glows deep purple.
Strange energies course through your body.
You feel a little pissed off.
The orb of fire glows bright magenta.
Strange energies course through your body.
You feel frail.
The orb of fire glows yellow.
The fireball explodes!
The fireball engulfs the orb of fire.
The orb of fire completely resists.
The fireball engulfs the orb of fire.
The orb of fire completely resists.
The fireball engulfs you!! You resist.
You die...

* ########X########▓▓▓▓#######
#### ##..###..............#
###.^## ##§.##.###.#..#.#'###..
.##...#####..##...##.⌠#####...##.
..#..........'...⌠.'.##...##...##
.......###...##...####.....##...#
.....###.....)##*##.'.......#...#
#.....##.##....#*#..#.......'...#
###...^#.#....##@##.#.......#..##
..##.........##...####.....##.##.
...#.....#..##.....####...######.
...#.#...#.##....<..#######...#..
.....##.##⌠#.........# ##...###.
...#..###..#.........# #....##..
.#'#'#.....).........######..#...
##...##.##.##.......##..#........
#.....###...##.^...##...#..#.....


You could see 2 orbs of fire.

Vanquished Creatures
  the Royal Jelly (Slime:5)
  4 dread liches
  5 ancient liches
  8 orbs of fire
  Sojobo (Depths:1)
  Boris (twice) (Crypt:2 Depths:4)
  2 Killer Klowns
  2 curse toes
  Bai Suzhen (Elf:2)
  5 caustic shrikes (Depths:4)
  9 golden dragons
  Nikola (Depths:1)
  Geryon (Hell)
  A bone dragon (Crypt:3)
  2 profane servitors
  The ghost of dragonscale333 the Warrior, an adept DjFE of Ashenzari (Elf:3)
  5 electric golems
  13 tentacled monstrosities
  Jorgrun (Orc:1)
  Asterion (Depths:1)
  14 Orb Guardians
  Rupert (D:13)
  4 liches
  2 walking crystal tomes
  2 deep elf blademasters (Elf:3)
  Murray (Depths:3)
  A quicksilver dragon (Vaults:5)
  A walking earthen tome (Depths:4)
  2 titans
  15 acid blobs
  9 death cobs
  10 sphinxes
  2 deep elf master archers (Elf:3)
  6 ancient champions
  Agnes (D:15)
  An Executioner (WizLab)
  2 tentacled starspawn (Abyss:4)
  22 storm dragons
  Kirke (D:14)
  A thorn hunter (Abyss:4)
  Roxanne (D:14)
  6 tengu reavers
  5 revenants
  A nagaraja (Abyss:4)
  6 shadow dragons
  12 draconian monks
  Ilsuiw (Shoals:2)
  10 azure jellies
  6 rockslimes
  5 draconian knights
  A balrug (Depths:4)
  8 fire giants
  4 deep elf sorcerers
  2 orc warlords
  8 ghost moths
  10 vault wardens
  5 iron dragons
  7 frost giants
  5 draconian scorchers
  2 curse skulls
  5 emperor scorpions
  2 imperial myrmidons (Desolation)
  Louise (Elf:3)
  Aizul (Vaults:1)
  2 draconian stormcallers
  3 draconian shifters
  A juggernaut zombie (Depths:3)
  2 deep elf elementalists (Elf:3)
  9 reapers
  The ghost of Ikly the Bludgeoner, a journeyman GrFi of Okawaru (Spider:1)
  12 ghouls
  28 very ugly things
  8 broodmothers
  19 ironbound preservers
  18 stone giants
  5 war gargoyles
  6 draconian annihilators
  4 quicksilver oozes
  A spriggan defender (Depths:2)
  4 ironbound thunderhulks
  A caustic shrike skeleton (Crypt:2)
  13 vampire knights
  2 bennus (Tomb:1)
  7 deep elf demonologists
  11 dire elephants
  13 green draconians
  13 black draconians
  5 entropy weavers
  Azrael (D:15)
  3 halazid warlocks (Desolation)
  2 lorocyprocas
  6 deep elf annihilators
  15 white draconians
  19 red draconians
  Snorg (Lair:5)
  2 spark wasps (Spider:4)
  17 yellow draconians
  10 purple draconians
  8 ettins
  24 jiangshi
  10 deep elf death magi
  The ghost of sanka the Impaler, a journeyman MfCj of Dithmenos (Lair:1)
  A green death (WizLab)
  3 eidola
  2 merfolk javelineers
  A crystal guardian (Desolation)
  9 yaktaur captains
  7 mummy priests (Tomb:1)
  Josephine (Shoals:1)
  5 merfolk impalers
  4 blizzard demons
  3 ragged hierophants (Desolation)
  5 fire dragons
  5 rakshasas
  7 deep elf high priests
  A naga warrior (Abyss:4)
  A kraken zombie (Hell)
  Harold (Lair:2)
  6 peacekeepers (Desolation)
  3 merfolk avatars
  Fannar (Lair:1)
  6 great orbs of eyes
  28 vault guards
  2 servants of whispers (Desolation)
  6 spriggan air magi
  2 ogre magi
  4 boulder beetles
  8 ice dragons
  2 quicksilver dragon skeletons
  9 hydras
  A juggernaut simulacrum (Depths:3)
  4 ironbound frosthearts
  3 radroaches
  Erica (Lair:1)
  4 caustic shrike simulacra (IceCv)
  4 satyrs
  3 jorogumos
  3 death knights
  4 alligator snapping turtles
  A spriggan skeleton (Depths:2)
  2 catoblepae
  4 two-headed ogres
  5 tengu warriors
  7 centaur warriors
  An anaconda (Shoals:3)
  5 merfolk aquamancers
  11 death scarabs (Tomb:1)
  14 hell hogs
  3 deep troll earth magi
  2 deep troll shamans
  5 vampire magi
  13 death yaks
  8 thrashing horrors
  6 orc high priests
  7 spriggan berserkers
  3 hell knights
  A titan zombie (Depths:2)
  29 deep elf knights
  Urug (D:13)
  12 sun demons
  A fire crab (Lair:6)
  5 soul eaters
  A storm dragon zombie (Depths:3)
  6 spriggans
  4 wretched stars
  6 shadow wraiths
  6 pharaoh ants
  32 skeletal warriors
  A spatial maelstrom (Abyss:4)
  3 sun moths
  A storm dragon skeleton (Crypt:2)
  A spark wasp zombie (Depths:2)
  A spectral anaconda (Lair:6)
  4 anaconda zombies
  An iron troll (Depths:4)
  A golden dragon zombie (Depths:1)
  An orb spider (shapeshifter) (Vaults:5)
  12 wizards
  13 deep elf archers
  A shadow demon (WizLab)
  9 orb spiders
  7 sea snakes
  A golden dragon skeleton (Depths:3)
  3 glowing orange brains
  9 flayed ghosts
  2 swamp dragons
  2 bog bodies
  64 deep trolls
  2 spriggan simulacra
  12 steelbarb worms
  6 lindwurms (Vaults:2)
  An iron giant skeleton (Crypt:2)
  15 phantasmal warriors
  23 deep elf zephyrmancers
  A bunyip skeleton (Crypt:2)
  12 ironbound convokers
  19 orc knights
  A tengu zombie (Vaults:3)
  3 obsidian statues
  An orange crystal statue (Elf:3)
  10 necromancers
  24 deep elf pyromancers
  A mana viper (Abyss:4)
  A shadow dragon zombie (Crypt:1)
  A harpy (shapeshifter) (Abyss:4)
  3 anaconda skeletons
  25 harpies
  A manticore (shapeshifter) (Vaults:4)
  A jorogumo skeleton (Crypt:1)
  A faun (shapeshifter) (Depths:2)
  A spectral ettin (Crypt:3)
  31 ugly things
  6 orc sorcerers
  11 cyclopes
  7 shining eyes
  18 wolf spiders
  6 fauns
  3 human zombies
  An iron dragon skeleton (Crypt:1)
  16 manticores
  A sphinx skeleton (Depths:2)
  2 oklob plants (Lair:1)
  A frost giant zombie (Crypt:2)
  5 worldbinders
  An elephant (shapeshifter) (Elf:1)
  26 moths of wrath
  2 salamanders (Depths:4)
  9 water nymphs
  2 guardian serpents
  A dire elephant zombie (Crypt:2)
  9 merfolk sirens
  16 elephants
  3 eyes of devastation
  9 rust devils
  24 vault sentinels
  3 gargoyles (D:14)
  5 torpor snails
  2 apocalypse crabs (Abyss:4)
  6 black mambas
  17 cane toads
  2 orange demons
  2 ice statues (Hell)
  A torpor snail (shapeshifter) (D:13)
  7 smoke demons
  Maggie (Lair:1)
  A naga mage (Abyss:4)
  A cane toad (shapeshifter) (Depths:3)
  An unseen horror (shapeshifter) (Vaults:5)
  3 unseen horrors
  2 yaktaur zombies
  Psyche (D:11)
  19 freezing wraiths
  10 demonic crawlers
  A hellion (WizLab)
  A naga skeleton (Crypt:2)
  An anaconda simulacrum (Crypt:3)
  A sea snake zombie (Hell)
  3 rime drakes
  3 efreet
  4 tormentors
  23 yaktaurs
  An elf skeleton (Vaults:3)
  6 komodo dragons
  6 ice devils
  2 tengu conjurers (Depths:2)
  3 hellwings
  An entropy weaver simulacrum (IceCv)
  A red devil (Depths:2)
  13 guardian mummies
  3 trolls
  2 golden dragon simulacra
  A hydra zombie (Hell)
  4 ancient zymes
  7 hornets
  19 merfolk
  14 meliai
  7 wind drakes
  2 harpy zombies (Crypt:2)
  2 spectral guardian serpents (Crypt:1)
  A tengu simulacrum (Vaults:3)
  22 saltlings (Desolation)
  21 large abominations
  A polar bear (Lair:6)
  20 tarantellas
  14 blink frogs
  A harpy skeleton (Crypt:2)
  An alligator zombie (Hell)
  12 dream sheep
  12 snapping turtles
  14 raiju
  A dream sheep (shapeshifter) (Elf:2)
  2 ettin zombies
  78 slime creatures
  A spectral elephant (Lair:6)
  A black mamba zombie (Crypt:2)
  A stone giant simulacrum (Depths:1)
  65 flying skulls
  6 shadows
  An air elemental (Elf:1)
  A culicivora (shapeshifter) (Elf:2)
  27 culicivoras
  23 jumping spiders
  3 ynoxinuls
  2 centaur simulacra
  A dire elephant simulacrum (Lair:6)
  A vampire (Abyss:2)
  2 hogs (D:14)
  A wind drake zombie (Crypt:2)
  7 wyverns
  9 water elementals
  17 wraiths
  69 yaks
  16 humans (D:13)
  Grum (D:9)
  43 fire elementals
  6 vampire mosquitoes
  A golden eye (shapeshifter) (Elf:3)
  3 neqoxecs (Abyss:2)
  4 ushabtiu (Tomb:1)
  4 basilisks
  A steam dragon (D:6)
  7 golden eyes
  51 redbacks
  10 chaos spawn
  A demonspawn zombie (Crypt:2)
  3 death yak simulacra (Lair:6)
  2 spatial vortices
  2 spectral cane toads (Lair:6)
  A swamp worm (shapeshifter) (Depths:4)
  7 hell hounds
  3 nagas (Abyss:4)
  6 wargs
  6 swamp worms (D:14)
  4 hydra simulacra (IceCv)
  12 water moccasins
  4 sky beasts
  28 orc warriors
  4 ogres
  A snapping turtle zombie (Crypt:2)
  6 black bears
  2 elephant zombies
  2 ettin simulacra (IceCv)
  An alligator simulacrum (Hell)
  13 necrophages
  13 wolves
  2 boggarts (D:14)
  A phantom (D:5)
  A dream sheep skeleton (Crypt:2)
  13 centaurs
  2 elephant skeletons (Lair:6)
  An elf zombie (Crypt:2)
  9 kobold brigands
  14 bullfrogs
  A gnoll sergeant (D:6)
  A salamander skeleton (Crypt:1)
  A deep troll simulacrum (IceCv)
  4 scorpions
  3 earth elementals
  A glowing shapeshifter simulacrum (Depths:2)
  A cane toad simulacrum (Lair:6)
  A water moccasin zombie (D:6)
  2 wyvern skeletons
  22 small abominations
  2 water moccasin skeletons
  A lindwurm simulacrum (IceCv)
  14 killer bees
  6 electric eels
  3 centaur zombies
  A bullfrog zombie (D:6)
  23 starcursed masses
  A wolf skeleton (Crypt:2)
  A jelly (D:6)
  4 hounds
  18 orc priests
  3 centaur skeletons
  2 iron imps (Abyss:3)
  2 human skeletons
  A black bear skeleton (Crypt:1)
  5 iguanas
  17 orc wizards
  6 hell rats (Lair:2)
  A dwarf zombie (Crypt:1)
  An ogre zombie (Crypt:1)
  An acid dragon skeleton (Crypt:2)
  A hound skeleton (D:5)
  13 mummies
  8 gnolls
  A river rat (Sewer)
  8 adders
  3 shadow imps
  5 white imps
  5 ufetubi
  3 worms
  5 dart slugs
  64 orcs
  9 endoplasms
  4 giant cockroaches
  12 goblins
  3 hobgoblins
  6 jackals (D:2)
  3 quokkas
  11 ball pythons
  3 bats
  8 frilled lizards
  9 kobolds
  A quokka skeleton (Crypt:1)
  9 rats
  12 briar patches (D:14)
  A fire vortex (Hell)
  2 lurking horrors (Abyss:4)
  2 starspawn tentacles (Abyss:4)
  3 tentacles (Hell)
2786 creatures vanquished.

Vanquished Creatures (collateral kills)
  The ghost of Flapstick the Slayer, a legendary HaBe of Trog (Zot:4)
  A Killer Klown (Zot:4)
  A tentacled monstrosity (Zot:4)
  A lich (Depths:2)
  A walking crystal tome (Depths:2)
  4 sphinxes (Tomb:1)
  A death cob (Zot:4)
  2 quicksilver dragons
  A tengu reaver (Depths:1)
  A storm dragon (Zot:4)
  3 vault wardens
  3 draconian shifters
  A very ugly thing (Vaults:5)
  A broodmother (Spider:4)
  2 bennus (Tomb:1)
  A yaktaur captain (Vaults:5)
  A hydra (Lair:5)
  A spatial maelstrom (Abyss:3)
  A phantasmal warrior (Vaults:5)
  An ironbound convoker (Vaults:5)
  An orc knight (Vaults:5)
  A necromancer (Depths:1)
  A vault sentinel (Vaults:5)
  2 slime creatures (Vaults:1)
  An ushabti (Tomb:1)
  2 neqoxecs (Abyss:3)
37 creatures vanquished.

Vanquished Creatures (others)
  A fire giant (Depths:3)
  A draconian knight (Zot:3)
  A deep elf high priest (Vaults:5)
  A fire dragon (Depths:1)
  A merfolk aquamancer (Shoals:4)
  A death knight (Crypt:1)
  31 dancing weapons
  Sonja (Orc:1)
  A shining eye (Slime:3)
  A moth of wrath (Zot:1)
  A saltling (Desolation)
  A hornet (Depths:1)
  A jumping spider (Spider:1)
  A human (D:14)
  3 boggarts (D:14)
  2 orc wizards
  An ufetubus (D:6)
  A fire vortex (Hell)
  44 foxfires
  54 fungi
  2 lurking horrors (Abyss:3)
  118 plants
  9 starspawn tentacles (Abyss:4)
  2 tentacles (Hell)
  32 withered plants (Lair:6)
312 creatures vanquished.

Grand Total: 3135 creatures vanquished

Notes
Turn   | Place    | Note
-------+----------+-------------------------------------------
     0 | D:1      | rlgrobin the Gargoyle Cinder Acolyte began the quest for
                  | the Orb.
     0 | D:1      | Reached XP level 1. HP: 14/14 MP: 2/2
   366 | D:1      | Reached XP level 2. HP: 19/19 MP: 4/4
   369 | D:1      | Learned a level 2 spell: Scorch
   501 | D:1      | Noticed an eye of devastation
   505 | D:1      | Noticed a floating eye
   507 | D:1      | Found a faded altar of an unknown god.
   508 | D:1      | Noticed a shining eye
   508 | D:1      | Noticed a great orb of eyes
   883 | D:1      | Reached XP level 3. HP: 23/23 MP: 5/5
  1032 | D:2      | Reached skill level 1 in Armour
  1045 | D:2      | Identified the +12 hand axe of the Final Decision {vamp,
                  | Int+5}
  1199 | D:2      | Found a glowing silver altar of Zin.
  1616 | D:2      | Reached XP level 4. HP: 28/28 MP: 7/7
  1919 | D:3      | Reached skill level 1 in Axes
  1938 | D:3      | Found a basalt altar of Yredelemnul.
  1977 | D:3      | Found a glowing drain.
  1999 | D:3      | Reached XP level 5. HP: 32/32 MP: 8/8
  2005 | Sewer    | Entered a sewer
  2981 | D:3      | Found a hazy altar of Hepliaklqana.
  3203 | D:4      | Noticed an ogre
  3211 | D:4      | Killed an ogre
  3212 | D:4      | Reached XP level 6. HP: 37/37 MP: 10/10
  3626 | D:4      | Found a snail-covered altar of Cheibriados.
  3787 | D:5      | Entered Level 5 of the Dungeon
  3968 | D:5      | Found a staircase to the Ecumenical Temple.
  3971 | D:5      | Noticed a sky beast
  3977 | D:5      | Killed a sky beast
  3978 | D:5      | Reached XP level 7. HP: 41/41 MP: 10/12
  4163 | D:5      | Reached skill level 1 in Throwing
  4165 | Temple   | Entered the Ecumenical Temple
  4517 | D:5      | Reached skill level 5 in Fire Magic
  4668 | D:5      | Reached XP level 8. HP: 46/46 MP: 12/14
  5143 | D:6      | Reached skill level 5 in Armour
  5841 | D:6      | Found a white marble altar of Elyvilon.
  6230 | D:6      | Reached skill level 5 in Axes
  6261 | D:6      | Reached XP level 9. HP: 41/51 MP: 6/15
  6459 | D:6      | Reached skill level 1 in Dodging
  7829 | D:7      | Learned a level 2 spell: Wereblood
  7961 | D:8      | Reached skill level 1 in Transmutations
  8030 | D:8      | Noticed an elephant
  8068 | D:8      | Reached skill level 5 in Fighting
  8078 | D:8      | Reached XP level 10. HP: 53/59 MP: 16/16
  8135 | D:8      | Found an ornate altar of the Wu Jian Council.
  8135 | D:8      | Noticed a manticore
  8143 | D:8      | Killed a manticore
  8169 | D:8      | Found a broken altar of Ashenzari.
  8286 | D:8      | Killed an elephant
  8355 | D:8      | Found a staircase to the Lair.
  8457 | D:8      | Noticed a deep elf pyromancer
  8464 | D:8      | Killed a deep elf pyromancer
  8471 | D:8      | Noticed a centaur warrior
  8480 | D:8      | Killed a centaur warrior
  8481 | D:8      | Reached skill level 5 in Transmutations
  9241 | D:9      | Reached XP level 11. HP: 58/64 MP: 17/17
  9387 | D:9      | Reached skill level 10 in Axes
  9660 | D:9      | Noticed a cyclops
  9670 | D:9      | Killed a cyclops
  9839 | D:9      | Identified 2 scrolls of acquirement
  9900 | D:9      | Noticed Grum
  9918 | D:9      | Killed Grum
 10102 | D:9      | Found a sparkling altar of Nemelex Xobeh.
 10166 | D:10     | Entered Level 10 of the Dungeon
 10813 | D:10     | Found a staircase to the Orcish Mines.
 11425 | D:11     | Noticed Psyche
 11425 | D:11     | Noticed a manticore
 11439 | D:11     | Killed Psyche
 11454 | D:11     | Reached XP level 12. HP: 61/70 MP: 18/18
 12492 | D:12     | Noticed a two-headed ogre
 12504 | D:12     | Killed a two-headed ogre
 12748 | D:12     | Found Rih Ysirr's Distillery.
 12758 | D:12     | Bought a potion of heal wounds for 75 gold pieces
 12758 | D:12     | Bought a potion of mutation for 120 gold pieces
 12758 | D:12     | Bought a potion of might for 60 gold pieces
 12758 | D:12     | Bought a potion of cancellation for 120 gold pieces
 12758 | D:12     | Bought a potion of cancellation for 120 gold pieces
 13028 | D:13     | Noticed Rupert
 13028 | D:13     | Noticed Urug
 13028 | D:13     | Noticed a centaur warrior
 13028 | D:13     | Found a gate to the Vaults.
 13068 | D:13     | Noticed a two-headed ogre
 13079 | D:13     | Killed a two-headed ogre
 13249 | Lair:1   | Entered Level 1 of the Lair of Beasts
 13249 | Lair:1   | Noticed Fannar
 13267 | Lair:1   | Killed Fannar
 13412 | Lair:1   | Noticed a seven-headed hydra
 13413 | Lair:1   | Noticed sanka's ghost (journeyman MfCj)
 13422 | Lair:1   | Found a runed translucent gate.
 13422 | Lair:1   | Found a runed translucent gate.
 13431 | Lair:1   | Found a runed translucent gate.
 13719 | Lair:1   | Noticed Maggie
 13724 | Lair:1   | Noticed Erica
 13731 | Lair:1   | Killed Maggie
 13746 | Lair:1   | Killed Erica
 14247 | Lair:2   | Noticed a six-headed hydra
 14251 | Lair:2   | Killed a six-headed hydra
 14290 | Lair:2   | Reached XP level 13. HP: 80/80 MP: 19/19
 14293 | Lair:2   | Found a hole to the Spider Nest.
 14307 | Lair:2   | Noticed Harold
 14320 | Lair:2   | Killed Harold
 15264 | Lair:3   | Reached skill level 10 in Fighting
 15264 | Lair:3   | Reached skill level 10 in Armour
 15488 | Lair:3   | Found a staircase to the Shoals.
 16543 | Lair:3   | Identified the +2 long sword "Worm's Wrath" {pain, rF+ rN+}
 16591 | Lair:3   | Identified the +4 quarterstaff "Byginul" {freeze, *Corrode
                  | +Blink Int+4 Dex+4}
 16920 | Lair:4   | Reached skill level 5 in Dodging
 17073 | Lair:4   | Gained mutation: Your large and strong wings let you fly.
                  | [Gargoyle growth]
 17073 | Lair:4   | Reached XP level 14. HP: 80/90 MP: 20/20
 18111 | Temple   | Fell from the grace of Ignis
 18111 | Temple   | Became a worshipper of Gozag Ym Sagoz the Greedy
 18325 | Lair:5   | Noticed Snorg
 18458 | Lair:5   | Killed Snorg
 19757 | Lair:5   | Identified the +2 buckler of Hany {+Blink Will- rCorr
                  | Dex-2}
 19781 | Lair:6   | Entered Level 6 of the Lair of Beasts
 20964 | Lair:6   | Found a viscous altar of Jiyva.
 20964 | Lair:6   | Found a staircase to the Slime Pits.
 21488 | Lair:6   | Noticed a dire elephant
 21488 | Lair:6   | Noticed a dire elephant
 21488 | Lair:6   | Noticed a dire elephant
 21535 | Lair:6   | Reached XP level 15. HP: 97/97 MP: 21/21
 22651 | Lair:6   | Was forgiven by Ignis
 23200 | Orc:1    | Entered Level 1 of the Orcish Mines
 23555 | Orc:2    | Entered Level 2 of the Orcish Mines
 24602 | Orc:2    | Found Nuty's Distillery.
 24938 | Orc:2    | Reached skill level 10 in Dodging
 25040 | Orc:2    | Found a staircase to the Elven Halls.
 25214 | Orc:2    | Found Axihodwa's Antique Weapon Shoppe.
 25214 | Orc:2    | Found Mobal's Antique Armour Shop.
 25216 | Orc:2    | Found Pieghow's Assorted Antiques.
 25216 | Orc:2    | Found Pucsimus's Antique Armour Shop.
 25227 | Orc:2    | Bought a glowing helmet for 255 gold pieces
 25238 | Orc:2    | Bought quicksilver dragon scales for 2040 gold pieces
 25534 | Spider:1 | Entered Level 1 of the Spider Nest
 25924 | Spider:1 | Noticed a ghost moth
 25939 | Spider:1 | Killed a ghost moth
 26100 | Spider:1 | Noticed an emperor scorpion
 26101 | Spider:1 | Found a runed translucent gate.
 26101 | Spider:1 | Found a runed translucent gate.
 26101 | Spider:1 | Found a runed translucent gate.
 26101 | Spider:1 | Noticed Ikly's ghost (journeyman GrFi)
 26838 | Spider:1 | Noticed a ghost moth
 27917 | Spider:2 | Reached XP level 16. HP: 58/107 MP: 19/22
 28968 | Spider:2 | Gained mutation: You sometimes lose the ability to read
                  | scrolls when taking damage. [mutagenic glow]
 29018 | Spider:2 | Lost mutation: You sometimes lose the ability to read
                  | scrolls when taking damage. [potion of mutation]
 29018 | Spider:2 | Gained mutation: You are strong-willed. (Will+) [potion of
                  | mutation]
 29303 | Spider:2 | Identified the +6 shortbow of Extremism {freeze, rC+ Str+2}
 29815 | Spider:3 | Reached skill level 15 in Fighting
 29815 | Spider:3 | Reached skill level 15 in Armour
 31642 | Shoals:1 | Entered Level 1 of the Shoals
 31642 | Shoals:1 | You are sucked into a shaft and drop 1 floor!
 31800 | Shoals:1 | Noticed Josephine
 31866 | Shoals:1 | Killed Josephine
 31962 | Shoals:1 | Found Not Tein's Book Emporium.
 32013 | Shoals:1 | Found Fafatsa's Antique Weapon Boutique.
 32883 | Shoals:2 | Noticed Ilsuiw
 32959 | Shoals:2 | Killed Ilsuiw
 33228 | Shoals:2 | Reached XP level 17. HP: 115/115 MP: 23/23
 34183 | Shoals:3 | Found Cusul's Antique Armour Shop.
 34599 | Shoals:3 | Bought a glimmering cloak for 209 gold pieces
 34599 | Shoals:3 | Identified the +0 cloak "Luotix" {rPois Slay+3} (You bought
                  | it in a shop on level 3 of the Shoals)
 35812 | D:13     | Killed Rupert
 36117 | D:13     | Killed Urug
 36968 | D:14     | Noticed Kirke
 36995 | D:14     | Killed Kirke
 37055 | D:14     | Identified Roxanne's Handbook of Transmigration
 37055 | D:14     | Noticed Roxanne
 37118 | D:14     | Found a transporter.
 37174 | D:14     | Killed Roxanne
 37432 | D:14     | Found a transporter.
 37526 | D:14     | Found Riphips's Pet Rocks.
 38085 | D:15     | Entered Level 15 of the Dungeon
 38085 | D:15     | Found a sacrificial altar of Ru.
 38391 | D:15     | Found a staircase to the Depths.
 38468 | D:15     | Noticed Azrael
 38956 | D:15     | Killed Azrael
 38957 | D:15     | Reached XP level 18. HP: 63/122 MP: 24/24
 39599 | D:15     | Noticed Agnes
 39612 | D:15     | Killed Agnes
 39857 | Elf:1    | Entered Level 1 of the Elven Halls
 40047 | Shoals:4 | Entered Level 4 of the Shoals
 40183 | Shoals:4 | Found a frozen archway.
 40187 | IceCv    | Entered an ice cave
 42231 | Shoals:4 | Identified the amulet of the King {Spirit -Cast rC+ rN+
                  | SInv}
 42554 | Shoals:4 | HP: 8/124 [merfolk aquamancer/ball of steam (26)]
 42910 | Shoals:4 | Identified the ring "Luceutav" {+Blink rC+ Str+3 SInv}
 43115 | Shoals:4 | Got a barnacled rune of Zot
 43765 | Spider:4 | Entered Level 4 of the Spider Nest
 44008 | Spider:4 | HP: 11/124 [barbs]
 44009 | Spider:4 | HP: 5/124 [barbs]
 44844 | Spider:3 | Reached skill level 5 in Spellcasting
 46395 | Spider:4 | Reached XP level 19. HP: 130/130 MP: 22/27
 46664 | Spider:4 | Reached skill level 15 in Dodging
 46727 | Spider:4 | Got a gossamer rune of Zot
 47382 | Lair:1   | Reached XP level 20. HP: 102/136 MP: 28/31
 47603 | Lair:1   | Killed sanka's ghost
 48119 | D:14     | Identified the ring of the Stallion {Fire *Corrode rPois
                  | rN+ Dex+3}
 48471 | Spider:1 | Killed Ikly's ghost
 48616 | Spider:1 | Identified the ring of Spite {Fly rN+ rCorr Str-2 SInv}
 48816 | Vaults:1 | Entered Level 1 of the Vaults
 48891 | Vaults:1 | Found a crumbling gateway.
 48906 | Desolati | Entered the Desolation of Salt
 49093 | Desolati | Found the +3 sling "Punk" {acid, rCorr}
 49379 | Desolati | Identified the ring of Limitation {Fly rElec rPois Int-3
                  | Stlth+}
 49828 | Desolati | Identified the amulet of the Ego {RegenMP Str+5 Dex-4}
 49859 | Desolati | Got Sif Muna's Handbook of Clay and Bewitchment
 49860 | Desolati | Identified the amulet of Wetaure {Contam Rampage rPois
                  | Regen+ Str-4}
 50207 | Desolati | Got the Reference Book on Dislocated Weightlessness
 50569 | Vaults:1 | Noticed Aizul
 50585 | Vaults:1 | Killed Aizul
 52842 | Vaults:2 | Reached XP level 21. HP: 144/144 MP: 34/34
 53089 | Vaults:2 | Reached skill level 10 in Spellcasting
 53613 | Vaults:3 | Found a staircase to the Crypt.
 55841 | Vaults:4 | Identified the +1 chain mail "Xiegho" {*Corrode rElec rPois
                  | rN+++}
 56381 | Vaults:4 | Reached XP level 22. HP: 152/152 MP: 35/37
 56979 | Vaults:4 | Identified the +4 fustibalus "Enool" {speed, Will- rCorr
                  | Dex+6}
 57082 | Crypt:1  | Entered Level 1 of the Crypt
 57840 | Crypt:1  | Found an ancient bone altar of Kikubaaqudgha.
 58603 | Crypt:2  | Reached skill level 10 in Transmutations
 59306 | Crypt:2  | Noticed Boris
 59409 | Crypt:3  | Entered Level 3 of the Crypt
 59614 | Crypt:3  | Found an ancient bone altar of Kikubaaqudgha.
 60121 | Crypt:3  | Reached skill level 15 in Spellcasting
 60199 | Crypt:3  | Reached skill level 1 in Evocations
 60931 | Crypt:2  | Reached XP level 23. HP: 134/157 MP: 42/42
 61187 | Crypt:2  | Killed Boris
 62489 | Crypt:3  | Found the +13 scythe of Curses {drain, Drain}
 62686 | Crypt:3  | Identified the +11 morningstar "Qeel" {vorpal, rC+ Will+
                  | Str+3}
 63029 | Crypt:3  | Found a staircase to the Tomb.
 63054 | Crypt:3  | Identified the ring "Ikuxtafu" {rF+ rN+ Int+3 Slay+2 SInv}
 63054 | Crypt:3  | Identified the ring "Caej" {rPois rN+}
 63054 | Crypt:3  | Identified the ring "Sanamu" {rPois rF++ rN+ Will+ Dex-4
                  | SInv}
 63113 | Crypt:3  | Reached skill level 5 in Evocations
 63486 | Crypt:3  | Learned a level 2 spell: Blink
 63492 | Crypt:3  | Learned a level 5 spell: Borgnjor's Vile Clutch
 63496 | Crypt:3  | Learned a level 3 spell: Swiftness
 63777 | Orc:1    | Noticed Sonja
 63778 | Orc:1    | Noticed Jorgrun
 63783 | Orc:1    | Killed Sonja
 63796 | Orc:1    | Killed Jorgrun
 63922 | Orc:1    | Found Aciqy's Self-Improvement Boutique.
 64530 | Elf:1    | Paralysed by an air elemental for 1 turns
 64534 | Elf:1    | Paralysed by an air elemental for 1 turns
 65071 | Elf:1    | Found a burning altar of Makhleb.
 65284 | Elf:2    | Found Jyjul's Antique Weapon Emporium.
 65396 | Elf:2    | Found a runed translucent gate.
 65396 | Elf:2    | Found a runed translucent gate.
 65396 | Elf:2    | Found a runed translucent gate.
 66404 | Elf:2    | Reached XP level 24. HP: 107/166 MP: 30/42
 67023 | Elf:2    | Identified the +0 hat of the Skies Above {Str+4}
 67072 | Elf:3    | Entered Level 3 of the Elven Halls
 67137 | Elf:3    | Found a runed translucent gate.
 67137 | Elf:3    | Found a runed translucent gate.
 67137 | Elf:3    | Found a runed translucent gate.
 67277 | Elf:3    | Noticed Bai Suzhen
 67312 | Elf:3    | Noticed dragonscale333's ghost (adept DjFE)
 67522 | Elf:2    | Killed Bai Suzhen
 68232 | Elf:3    | Found the ring of the Octopus King {rC+ AC+1 EV+1 Str+1
                  | Int+1 Dex+1}
 68440 | Elf:3    | Identified the +9 mace of Destruction {vorpal, rC- rCorr
                  | Dex+4 Stlth+}
 68450 | Elf:3    | Noticed Louise
 68508 | Elf:3    | Killed Louise
 68516 | Elf:3    | Identified the +6 hand axe of Experimentation {drain, rElec
                  | rPois}
 68817 | Elf:3    | Found the +6 arbalest "Damnation" {damnation}
 68826 | Elf:3    | Got the Reference Book on the Frostbite and Arcane Weapons
 68828 | Elf:3    | Got the Handbook of Orientation
 69632 | Elf:3    | Killed dragonscale333's ghost
 69828 | Elf:3    | Identified the +1 helmet "Pooc" {Dex+2}
 69876 | Elf:3    | Identified the +0 chain mail "Zexor" {Slay+5}
 70136 | Slime:1  | Entered Level 1 of the Pits of Slime
 70202 | Lair:6   | Reached skill level 1 in Earth Magic
 70503 | Slime:1  | Reached skill level 1 in Translocations
 70532 | Slime:1  | Reached skill level 1 in Air Magic
 72695 | Slime:3  | Gained mutation: Your muscles are strong. (Str +2) [a
                  | shining eye]
 72867 | Slime:3  | Gained mutation: Your body sometimes deteriorates upon
                  | taking damage. [a shining eye]
 73638 | Slime:5  | Entered Level 5 of the Pits of Slime
 74611 | Slime:5  | Gained mutation: You are clumsy. (Dex -2) [a shining eye]
 74613 | Slime:5  | Gained mutation: You are very clumsy. (Dex -4) [a shining
                  | eye]
 74615 | Slime:5  | Lost mutation: You are very clumsy. (Dex -4) [a shining
                  | eye]
 74963 | Slime:5  | Found a viscous altar of Jiyva.
 74964 | Slime:5  | Noticed the Royal Jelly
 74976 | Slime:5  | Killed the Royal Jelly
 74977 | Slime:5  | Reached XP level 25. HP: 141/173 MP: 42/42
 75281 | Slime:5  | Identified the ring of Light {rElec rPois rF++ Str+4 Int-4}
 75300 | Slime:5  | Got a slimy rune of Zot
 75491 | Slime:5  | Reached skill level 5 in Earth Magic
 75555 | Slime:5  | Identified the +0 plate armour "Rugon" {+Blink rCorr Str-4}
 75557 | Slime:5  | Identified the +7 great sword "Killer Bee's Death" {drain,
                  | rPois rN+ Will- MP+9}
 75564 | Slime:5  | Identified the -10 kite shield of Terror {rPois Will+ rCorr
                  | Dex-4}
 75571 | Slime:5  | Identified the +9 battleaxe of the Dead {vorpal, rC+ MP-9
                  | Str+2 Int+3}
 76356 | Lair:1   | Lost mutation: You are strong-willed. (Will+) [potion of
                  | mutation]
 76356 | Lair:1   | Lost mutation: You are clumsy. (Dex -2) [potion of
                  | mutation]
 76356 | Lair:1   | Gained mutation: You have large cloven feet. [potion of
                  | mutation]
 76356 | Lair:1   | Gained mutation: You are partially covered in large bone
                  | plates. (SH +4) [potion of mutation]
 76518 | Depths:1 | Entered Level 1 of the Depths
 76646 | Depths:1 | Found a shimmering blue altar of Sif Muna.
 76721 | Depths:1 | Noticed Nikola
 76741 | Depths:1 | You are sucked into a shaft and drop 1 floor!
 77390 | Depths:2 | Identified the +6 rapier "Meomot" {vorpal, rElec}
 77429 | Depths:2 | Reached skill level 5 in Translocations
 77520 | Depths:2 | Reached skill level 10 in Evocations
 77735 | Depths:2 | Reached skill level 5 in Air Magic
 77809 | Depths:2 | Found a one-way gate leading to the halls of Pandemonium.
 78019 | Depths:2 | Identified the +6 quarterstaff of Qoinkuud {freeze, Str-3
                  | Int+4 SInv}
 78067 | Depths:2 | Found a gateway to Hell.
 78177 | Depths:2 | Found a faded altar of an unknown god.
 78178 | Depths:2 | Found a faded altar of an unknown god.
 78180 | Depths:2 | Found a hazy altar of Hepliaklqana.
 78316 | Depths:2 | Got the Grimoire of Dark Confrontation
 78561 | Depths:1 | Killed Nikola
 78562 | Depths:1 | Noticed Sojobo
 78588 | Depths:1 | Killed Sojobo
 78779 | Depths:1 | Found Bypnam's Magic Scroll Boutique.
 78779 | Depths:1 | Found Jaryadiss's Antique Armour Shop.
 78787 | Depths:1 | Bought a distressingly furry plate armour for 644 gold
                  | pieces
 78787 | Depths:1 | Identified the +0 plate armour "Giwoyrch" {Str+3 Slay+2}
                  | (You bought it in a shop on level 1 of the Depths)
 78787 | Depths:1 | Bought a fine ring mail for 207 gold pieces
 78787 | Depths:1 | Identified the +4 ring mail "Fuem Woesiq" {rElec} (You
                  | bought it in a shop on level 1 of the Depths)
 78819 | Depths:1 | Found a one-way gate to the infinite horrors of the Abyss.
 78990 | Depths:1 | Noticed Asterion
 79017 | Depths:1 | Killed Asterion
 80208 | Depths:4 | Entered Level 4 of the Depths
 80232 | Depths:4 | Reached XP level 26. HP: 179/179 MP: 34/42
 80267 | Depths:4 | Noticed Boris
 80289 | Depths:4 | Killed Boris
 80310 | Depths:4 | Found a magical portal.
 80318 | Depths:4 | Found a one-way gateway to a ziggurat.
 80343 | Depths:4 | Found a blossoming altar of Fedhas.
 80393 | WizLab   | Entered Doroklohe's Tomb
 80782 | WizLab   | Identified the +0 scale mail of Ovyas {Rampage rN++ Dex+4
                  | Slay-4}
 81132 | WizLab   | Identified the +4 plate armour of Fortitude {rC- rN+
                  | Regen+}
 81992 | Depths:4 | Found a gate to the Realm of Zot.
 83131 | Hell     | Entered the Vestibule of Hell
 83131 | Hell     | Noticed Geryon
 83439 | Hell     | Killed Geryon
 84572 | Hell     | Noticed Murray
 85160 | Depths:3 | Killed Murray
 86434 | Depths:4 | Reached skill level 15 in Evocations
 86485 | Depths:4 | Reached skill level 1 in Conjurations
 86869 | Hell     | Found a gateway to the ashen valley of Gehenna.
 86925 | Hell     | Found a gateway to the decaying netherworld of Tartarus.
 87081 | Hell     | Found a gateway to the freezing wastes of Cocytus.
 87186 | Hell     | Found a gateway to the Iron City of Dis.
 87359 | Zot:1    | Entered Level 1 of the Realm of Zot
 87537 | Zot:1    | Reached skill level 1 in Necromancy
 87832 | Zot:1    | Reached XP level 27. HP: 139/184 MP: 5/42
 88420 | Zot:1    | Reached skill level 5 in Conjurations
 89853 | Zot:2    | Reached skill level 10 in Earth Magic
 90312 | Zot:2    | Reached skill level 5 in Necromancy
 91915 | Zot:3    | Noticed an orb of fire
 91929 | Zot:3    | Killed an orb of fire
 92695 | Zot:3    | Noticed an orb of fire
 92713 | Zot:3    | Gained mutation: You are dopey. (Int -2) [an orb of fire]
 92721 | Zot:3    | Gained mutation: You tend to lose your temper in combat.
                  | [an orb of fire]
 92724 | Zot:3    | Gained mutation: You sometimes lose the ability to read
                  | scrolls when taking damage. [an orb of fire]
 92731 | Zot:3    | Killed an orb of fire
 92736 | Zot:3    | Reached skill level 10 in Conjurations
 93123 | Zot:3    | Lost mutation: You sometimes lose the ability to read
                  | scrolls when taking damage. [potion of mutation]
 93123 | Zot:3    | Lost mutation: Your body sometimes deteriorates upon taking
                  | damage. [potion of mutation]
 93123 | Zot:3    | Lost mutation: You are dopey. (Int -2) [potion of mutation]
 93123 | Zot:3    | Gained mutation: You are clumsy. (Dex -2) [potion of
                  | mutation]
 93123 | Zot:3    | Lost mutation: You tend to lose your temper in combat.
                  | [potion of mutation]
 93652 | Zot:3    | Noticed an orb of fire
 93720 | Zot:3    | Killed an orb of fire
 93979 | Zot:4    | Reached skill level 10 in Necromancy
 94084 | Zot:4    | Found a runed translucent gate.
 94084 | Zot:4    | Found a runed translucent gate.
 94084 | Zot:4    | Found a runed translucent gate.
 94154 | Zot:4    | Found an ancient bone altar of Kikubaaqudgha.
 94154 | Zot:4    | Noticed a dread lich
 94155 | Zot:4    | Noticed an ancient lich
 94155 | Zot:4    | Noticed an ancient lich
 94155 | Zot:4    | Noticed an ancient lich
 94155 | Zot:4    | Noticed Flapstick's ghost (legendary HaBe)
 95126 | Zot:4    | Identified the +7 crystal plate armour "Uzefawk" {*Corrode
                  | rPois Str-5 Stlth+}
 95640 | Zot:4    | Noticed an orb of fire
 96084 | Zot:5    | Entered Level 5 of the Realm of Zot
 97486 | Lair:1   | Acquired a staff of earth
 97488 | Lair:1   | Acquired 875 gold pieces
 97494 | Lair:1   | Bought a potion of brilliance for 80 gold pieces
 97494 | Lair:1   | Bought a potion of resistance for 200 gold pieces
 97494 | Lair:1   | Bought a potion of curing for 60 gold pieces
 97494 | Lair:1   | Bought a potion of cancellation for 160 gold pieces
 97494 | Lair:1   | Bought a potion of haste for 200 gold pieces
 97496 | Lair:1   | Bought a manual of Necromancy for 1600 gold pieces
 97496 | Lair:1   | Bought Sif Muna's Almanac of Dark Confrontation for 760
                  | gold pieces
 97505 | Lair:1   | Learned a level 8 spell: Necromutation
 97514 | Lair:1   | Learned a level 8 spell: Lehudib's Crystal Spear
 97520 | Lair:1   | Learned a level 5 spell: Irradiate
 97522 | Lair:1   | Learned a level 1 spell: Apportation
 97526 | Lair:1   | Bought a shimmering scale mail for 369 gold pieces
 97526 | Lair:1   | Identified the +4 scale mail "Minaynku" {rCorr Str+6 Dex+2}
                  | (You bought it in a shop on level 1 of the Lair of Beasts)
 97529 | Lair:1   | Bought a potion of heal wounds for 125 gold pieces
 97529 | Lair:1   | Bought a potion of haste for 250 gold pieces
 97529 | Lair:1   | Bought a potion of curing for 75 gold pieces
 97529 | Lair:1   | Bought a potion of curing for 75 gold pieces
 97529 | Lair:1   | Bought a potion of curing for 75 gold pieces
 97529 | Lair:1   | Bought a potion of curing for 75 gold pieces
 97531 | Lair:1   | Bought a translucent scale mail for 396 gold pieces
 97531 | Lair:1   | Identified the +1 scale mail "Saac" {rElec Str-5 Int+6}
                  | (You bought it in a shop on level 1 of the Lair of Beasts)
 97531 | Lair:1   | Bought a crude scale mail for 396 gold pieces
 97531 | Lair:1   | Identified the +4 scale mail "Fezxodgh" {Dex+2 Stlth+} (You
                  | bought it in a shop on level 1 of the Lair of Beasts)
 97924 | Zot:4    | Killed an ancient lich
 97926 | Zot:4    | Killed an ancient lich
 97931 | Zot:4    | Killed a dread lich
 97931 | Zot:4    | Killed an ancient lich
 97960 | Zot:4    | Killed Flapstick's ghost
 97968 | Zot:4    | Got Kikubaaqudgha's Reference Book on Black Secrets
 97972 | Zot:4    | Identified the +2 hat "Vihau" {rN+ MP+9 Int+3 Slay+4
                  | Stlth-}
 97975 | Zot:4    | Identified the ring of Peviacie {rPois rC- Will+ EV+4}
 98374 | Lair:1   | Bought +2 fire dragon scales for 1008 gold pieces
 98544 | D:14     | Bought a tin of tremorstones (2/2) for 560 gold pieces
 98544 | D:14     | Bought a book of Iron for 504 gold pieces
 98629 | Depths:1 | Bought a scroll of teleportation for 39 gold pieces
 98629 | Depths:1 | Bought a scroll of teleportation for 39 gold pieces
 98629 | Depths:1 | Bought a scroll of fear for 45 gold pieces
 98629 | Depths:1 | Bought a scroll of amnesia for 45 gold pieces
 98629 | Depths:1 | Bought a scroll of fear for 45 gold pieces
 98847 | Orc:2    | Bought a scroll of amnesia for 98 gold pieces
 98994 | Lair:1   | Learned a level 6 spell: Iron Shot
 99038 | D:8      | Fell from the grace of Gozag
 99038 | D:8      | Became a worshipper of Ashenzari the Shackled
100799 | Vaults:5 | Entered Level 5 of the Vaults
100813 | Vaults:5 | Paralysed by a sphinx for 5 turns
101123 | Vaults:5 | Paralysed by a sphinx for 4 turns
101640 | Vaults:5 | Noticed a dread lich
101683 | Vaults:5 | Paralysed by a dread lich for 7 turns
101866 | Vaults:5 | Reached skill level 5 in Staves
101891 | Vaults:5 | Reached skill level 15 in Earth Magic
101896 | Vaults:5 | Identified the +5 mace "Alughene" {drain, rC+ Str+2 Stlth+}
102437 | Vaults:5 | Identified the ring "Nuhaut" {rF+ Str+6}
102773 | Vaults:5 | Killed a dread lich
102792 | Vaults:5 | Identified the +7 war axe of a Labyrinth {spect, rElec
                  | Will+ Dex+3 Stlth+}
102804 | Vaults:5 | Identified the amulet of Sayw {Faith rPois Dex+4}
103200 | Vaults:5 | Got Hukaz's Grimoire of Glamour and the Entourage
103416 | Vaults:5 | Noticed a dread lich
103435 | Vaults:5 | Killed a dread lich
103586 | Vaults:5 | Got a silver rune of Zot
104018 | Vaults:5 | Identified the +6 dagger of Huej {pain, rF- Str+5}
104453 | Shoals:3 | Bought a runed scarf for 176 gold pieces
105087 | Tomb:1   | Entered Level 1 of the Tomb of the Ancients
105167 | Tomb:1   | Reached * piety under Ashenzari
105202 | Tomb:1   | Identified the Collected Works on Dark Heat (You found it
                  | on level 3 of the Elven Halls)
105202 | Tomb:1   | Identified the +6 dagger of the Several Coins {venom,
                  | *Noise Fragile rC+ Int+8}
105202 | Tomb:1   | Identified the +12 shortbow "Piri" {flame, Will+}
105202 | Tomb:1   | Identified the +1 robe "Pual Liph" {MP+9 Str+4 Int+4
                  | Stlth-}
105202 | Tomb:1   | Identified the Volume of Transformation and Attacks (You
                  | found it on level 4 of the Realm of Zot)
107012 | Tomb:1   | Reached ** piety under Ashenzari
107877 | Tomb:1   | Identified the +6 spear of Luxury {pain, rN+}
108301 | Depths:1 | Voluntarily entered the Abyss.
108394 | Abyss:2  | Found an ornate altar of the Wu Jian Council.
108514 | Abyss:2  | Found an ornate altar of the Wu Jian Council.
108536 | Abyss:2  | Paralysed by accursed screaming for 1 turns
108539 | Abyss:2  | Paralysed by accursed screaming for 2 turns
108966 | Abyss:3  | Gained mutation: Armour fits poorly on your strangely
                  | shaped body. [a neqoxec]
109086 | Abyss:3  | Found a corrupted altar of Lugonu.
109396 | Abyss:4  | Gained mutation: You are robust. (+10% HP) [a shining eye]
109513 | Abyss:4  | Reached skill level 10 in Staves
109513 | Abyss:4  | Got an abyssal rune of Zot
109520 | Depths:1 | Escaped the Abyss
110163 | Zot:4    | Gained mutation: You sometimes lose the ability to read
                  | scrolls when taking damage. [an orb of fire]
110170 | Zot:4    | Gained mutation: You are partially covered in iridescent
                  | scales. (AC +2) [an orb of fire]
110172 | Zot:4    | Killed an orb of fire
110913 | Zot:5    | Noticed a dread lich
110917 | Zot:5    | Noticed an ancient lich
110919 | Zot:5    | Killed a dread lich
110927 | Zot:5    | Killed an ancient lich
111113 | Zot:5    | Noticed an orb of fire
111122 | Zot:5    | Gained mutation: You are very clumsy. (Dex -4) [an orb of
                  | fire]
111122 | Zot:5    | Gained mutation: Your spells are a little easier to cast,
                  | but a little less powerful. [an orb of fire]
111127 | Zot:5    | Gained mutation: Potions are less effective at restoring
                  | your health. [an orb of fire]
111131 | Zot:4    | Lost mutation: You are partially covered in iridescent
                  | scales. (AC +2) [potion of mutation]
111131 | Zot:4    | Lost mutation: You are partially covered in large bone
                  | plates. (SH +4) [potion of mutation]
111131 | Zot:4    | Gained mutation: You are dopey. (Int -2) [potion of
                  | mutation]
111131 | Zot:4    | Lost mutation: You have large cloven feet. [potion of
                  | mutation]
111132 | Zot:4    | Lost mutation: Armour fits poorly on your strangely shaped
                  | body. [potion of mutation]
111132 | Zot:4    | Lost mutation: Your spells are a little easier to cast, but
                  | a little less powerful. [potion of mutation]
111132 | Zot:4    | Lost mutation: You are dopey. (Int -2) [potion of mutation]
111132 | Zot:4    | Gained mutation: Your natural rate of healing is unusually
                  | fast. [potion of mutation]
111235 | Zot:5    | Gained mutation: You occasionally shout uncontrollably at
                  | your foes. [an orb of fire]
111236 | Zot:5    | Killed an orb of fire
111440 | Zot:5    | Noticed an ancient lich
111456 | Zot:5    | Killed an ancient lich
111530 | Zot:5    | Noticed an orb of fire
111816 | Zot:4    | Gained mutation: Armour fits poorly on your strangely
                  | shaped body. [an orb of fire]
111819 | Zot:4    | Lost mutation: You are robust. (+10% HP) [an orb of fire]
111833 | Zot:4    | Killed an orb of fire
112390 | Zot:5    | Noticed an orb of fire
112418 | Zot:5    | Gained mutation: You are frail. (-10% HP) [an orb of fire]
112419 | Zot:5    | Noticed an orb of fire
112422 | Zot:4    | Lost mutation: You are very clumsy. (Dex -4) [an orb of
                  | fire]
112430 | Zot:4    | HP: 12/169 [orb of fire/bolt of fire (19)]
112432 | Zot:4    | Killed an orb of fire
112673 | Zot:5    | Gained mutation: You are very frail. (-20% HP) [an orb of
                  | fire]
112819 | Zot:5    | Killed an orb of fire
112823 | Zot:5    | Noticed an orb of fire
112835 | Zot:5    | Gained mutation: Your spells are a little easier to cast,
                  | but a little less powerful. [an orb of fire]
112838 | Zot:5    | Gained mutation: You are dopey. (Int -2) [an orb of fire]
112839 | Zot:5    | Noticed an orb of fire
112841 | Zot:5    | Gained mutation: You are very clumsy. (Dex -4) [an orb of
                  | fire]
112841 | Zot:5    | Gained mutation: Potions cannot restore your health. [an
                  | orb of fire]
112841 | Zot:5    | HP: 11/150 [orb of fire/fireball (24)]
112842 | Zot:5    | Gained mutation: You tend to lose your temper in combat.
                  | [an orb of fire]
112842 | Zot:5    | Gained mutation: You are extremely frail. (-30% HP) [an orb
                  | of fire]
112842 | Zot:5    | Killed from afar by an orb of fire

Illustrated notes

Levels and vault maps discovered:
D:1:      nzn_arrival_depleted_hourglass, layout_basic,
          hellmonk_ecumenical_altar_watching_god
D:2:      layout_basic, basic_altar
D:3:      layout_loops_corners, overflow_temple_1_default,
          mainiacjoe_overflow_paths, cheibrodos_sewer_entry_bend
D:4:      layout_cave_pools, mainiacjoe_overflow_small_starburst
D:5:      layout_basic, temple_pool_b, hangedman_abyss_or_decor_lesser_grid,
          minmay_diced_spiral
D:6:      nicolae_whirlpool, layout_gridville, elyvilon_altar_3
D:7:      layout_basic, kennysheep_dice
D:8:      layout_rooms, jmf_multi_god_temple, david_lair_generic,
          minmay_three_doors
D:9:      minmay_cornered_nines, layout_rooms, nemelex_altar_shiori, uniq_grum
D:10:     layout_roguey, erik_orc_2
D:11:     layout_rooms, uniq_psyche
D:12:     layout_small_grid, serial_shops, shop_fountains
D:13:     layout_irregular_city, david_vaults_3
D:14:     gammafunk_worm_tunnel, layout_loops_corners, guppyfry_shop_earth,
          uniq_roxanne, uniq_kirke
D:15:     hangedman_depths_entry_civil_slaughter, layout_loops_ring,
          minmay_misc_feat_tower, nicolae_ru_awakened_eye, uniq_azrael,
          uniq_agnes
Temple:   regret_index_temple_generic_petals
Lair:1:   dpeg_oklob_gauntlet, layout_chaotic_city, gammafunk_ghost_split,
          chequers_serial_rivers_room_b, grunt_megastairs_3, uniq_fannar,
          uniq_maggie, uniq_erica
Lair:2:   layout_hall_layers, spider_nest_entry_webs, beast_lair_carwin_5,
          uniq_harold
Lair:3:   layout_cave_pods, minmay_shoals_entry_centaurs, grunt_megastairs_5
Lair:4:   layout_cave_pods, lemuel_fruit_fields
Lair:5:   layout_layer_cave, beast_lair_carwin_6, lemuel_fruit_fields,
          uniq_snorg
Lair:6:   due_jungle_book, layout_layer_cave, slime_altar_1,
          serial_bayou_shore_b
Shoals:1: layout_shoals, serial_shops, shop, shop, uniq_josephine
Shoals:2: layout_shoals, uniq_ilsuiw
Shoals:3: layout_shoals, nicolae_stop_n_shop_1,
          nicolae_shoals_siren_and_animal_friends
Shoals:4: shoals_end_simple, layout_shoals, portal_ice_cave_entry_pillars_three,
          abandoned_shop
Spider:1: layout_spider_delve, gammafunk_ghost_split
Spider:2: layout_cave_pods
Spider:3: layout_chambers
Spider:4: hellmonk_spider_rune_endless_swarm
Slime:1:  layout_caves
Slime:2:  layout_caves
Slime:3:  layout_caves
Slime:4:  layout_caves
Slime:5
Orc:1:    layout_caves, nicolae_shop_self_help, uniq_jorgrun, uniq_sonja
Orc:2:    grunt_orc_tribal_feast, layout_diamond_mine, serial_shops, shop,
          basic_altar
Elf:1:    minmay_elf_arrival_circle, layout_gridlike, hangedman_corner_corridor,
          nicolae_elf_theology_debate
Elf:2:    nicolae_elf_blades_splatter_lattice
          [nicolae_blade_entry_hurt_lockers], layout_onion_city, serial_shops,
          nicolae_shop_hallway_stairs
Elf:3:    grunt_elf_hall_asides, layout_geoelf_castle,
          gammafunk_ghost_tricky_traps, minivault_15, uniq_louise,
          uniq_bai_suzhen
Vaults:1: portal_desolation_entry_nicolae_slug, v_alt_pattern_4,
          vaults_dpeg_doors, vaults_room_grunt_arrival_ludios,
          layout_vaults_chaotic_city, uniq_aizul
Vaults:2: v_misc_5, v_misc_31, nicolae_vaults_alarming, vaults_room_pools,
          layout_vaults_omnigrid
Vaults:3: v_rooms_1, v_pattern_2, dpeg_vaults_monster_row,
          dpeg_vaults_monster_box, v_misc_33, special_room_vaults
          [special_room_orc], minmay_crypt_entry_simple_corners, v_misc_15,
          v_alt_pattern_4, nicolae_vaults_yaktaur_gun_rack,
          ontoclasm_vaults_claustrophobia, layout_vaults_omnibox
Vaults:4: ontoclasm_vaults_chip, v_misc_17, grunt_vaults_hallway_short,
          vaults_mumra_hexcomb, hangedman_vaults_corner, kb_rosetta,
          ontoclasm_vaults_gateway, v_pattern_4, v_misc_22, v_misc_26,
          hangedman_vaults_restitches, nicolae_vaults_specimen_jars,
          layout_vaults_ring
Vaults:5: serial_shops
Crypt:1:  layout_basic, basic_altar, nrook_guardian_serpent_ordinary,
          grunt_crypt_arrival_guarded_gate
Crypt:2:  hangedman_screamer, layout_basic, st_stairs_1
Crypt:3:  grunt_crypt_end_deaths_head
Tomb:1
Depths:1: layout_forbidden_donut, abyss_entry, pf_coc_iceberg,
          chequers_serial_rivers_room_b, lemuel_statue_altar,
          kennysheep_four_rooms, minmay_shoptagon, uniq_nikola, uniq_asterion,
          uniq_sojobo
Depths:2: minmay_the_grid_net [minmay_the_grid_holed_spiral,
          minmay_the_grid_slots, minmay_the_grid_stretched_grid,
          minmay_the_grid_plusring, minmay_the_grid_spikes,
          minmay_the_grid_prize_trominoes], layout_cave_pools,
          nicolae_hepliaklqana_ecumenical_no_more, hell_entry,
          grunt_pan_entry_sceptre, evilmike_ambush [evilmike_ambush_outer_basic,
          evilmike_ambush_inner_cross]
Depths:3: nicolae_cairo_tiling_large_dashed, layout_cave_pools, abandoned_shop,
          abyss_entry_small_statue_room, hellmouth_1
Depths:4: grunt_zot_entry_funnels, layout_cave_pools, enter_ziggurat_e,
          minmay_room_of_horrors, hangedman_geh_valley, grunt_decor_clamped,
          lightli_enter_wizlab_magi_temple, roderic_roman_lattice,
          fedhas_altar_1
Hell
Zot:1:    lemuel_firehouse, layout_cathedral_of_symmetry
Zot:2:    layout_gridlike, st_stairs_11, skrybe_zot_glass_1, grunt_megastairs_4
Zot:3:    layout_gridlike, zot_minivault_7
Zot:4:    layout_gridlike, gammafunk_ghost_crypt,
          hangedman_zot_decor_unnerving_road, grunt_ministairs_5
Zot:5:    layout_twisted_circle, st_stairs_5

Skill      XL: |  1  2  3  4  5  6  7  8  9 10 11 12 13 14 15 16 17 18 19 20 21 22 23 24 25 26 27 |
---------------+----------------------------------------------------------------------------------+-----
Armour         | 1 2 3 4 6 8 11 12 14 15 16 17 18 19 20 21 22 | 22.0
Spellcasting   | 2 3 4 5 7 9 11 15 | 15.0
Axes           | 1 2 3 5 7 9 12 13 | 13.8
Fire Magic     | 4 5 6 |  6.0
Throwing       | 1 2 |  2.0
Dodging        | 2 5 8 10 11 13 14 15 16 17 18 | 18.0
Transmutations | 2 5 6 8 10 12 | 12.9
Fighting       | 5 6 8 11 12 14 15 16 17 18 19 20 21 22 | 22.0
Evocations     | 2 6 9 11 15 | 15.0
Earth Magic    | 4 6 8 17 | 17.4
Translocations | 3 6 |  6.0
Air Magic      | 3 6 |  6.0
Conjurations   | 4 13 | 13.8
Necromancy     | 2 14 | 14.2
Staves         | 11 | 11.8
Maces & Flails | |  3.0

Action                   |  1- 3 |  4- 6 |  7- 9 | 10-12 | 13-15 | 16-18 | 19-21 | 22-24 | 25-27 || total
-------------------------+-------+-------+-------+-------+-------+-------+-------+-------+-------++-------
Melee: Mace              |    76 |       |       |       |       |       |       |       |       ||    76
       Hand axe          |    20 |   120 |   226 |   553 |  1523 |  1998 |  1458 |  1210 |  3700 || 10808
       Punch             |       |     1 |     2 |     2 |    30 |    51 |    32 |    42 |   109 ||   269
       Broad axe         |       |       |       |       |       |   133 |    34 |  1150 |   408 ||  1725
       Battleaxe         |       |       |       |       |       |       |       |       |   594 ||   594
       War axe           |       |       |       |       |       |       |       |       |    38 ||    38
Throw: Javelin           |       |       |    13 |     7 |       |    10 |    13 |    11 |       ||    54
       Boomerang         |       |       |     7 |    16 |       |       |       |       |       ||    23
       Dart              |       |       |       |     9 |       |     1 |       |       |       ||    10
       Throwing net      |       |       |       |     1 |       |       |     3 |     3 |     2 ||     9
 Cast: Scorch            |       |       |     9 |    39 |    83 |   126 |       |       |       ||   257
       Wereblood         |       |       |       |     3 |     1 |    22 |    47 |    85 |   146 ||   304
       Swiftness         |       |       |       |       |       |       |       |       |     7 ||     7
       Iron Shot         |       |       |       |       |       |       |       |       |    95 ||    95
       Irradiate         |       |       |       |       |       |       |       |       |     2 ||     2
       Lehudib's Crystal |       |       |       |       |       |       |       |       |     1 ||     1
Invok: Foxfire Swarm     |       |     1 |       |     1 |       |       |       |       |       ||     2
       Fiery Armour      |       |       |       |     4 |     2 |       |       |       |       ||     6
       Potion Petition   |       |       |       |       |     1 |     1 |       |     1 |    11 ||    14
       Call Merchant     |       |       |       |       |       |       |       |       |     7 ||     7
       Curse Item        |       |       |       |       |       |       |       |       |     3 ||     3
Evoke: Phantom mirror    |       |       |       |       |     2 |     4 |     3 |     2 |    12 ||    23
       Wand              |       |       |       |       |     2 |     8 |     6 |     4 |    10 ||    30
       Lightning rod     |       |       |       |       |       |       |       |     4 |    14 ||    18
       Phial of floods   |       |       |       |       |       |       |       |     1 |     8 ||     9
       Box of beasts     |       |       |       |       |       |       |       |       |    12 ||    12
       Tin of tremorston |       |       |       |       |       |       |       |       |     6 ||     6
       Horn of Geryon    |       |       |       |       |       |       |       |       |     4 ||     4
       Condenser vane    |       |       |       |       |       |       |       |       |     1 ||     1
  Use: Scroll            |       |       |       |    19 |     4 |    18 |     2 |     6 |    28 ||    77
       Potion            |       |       |       |     5 |     3 |    11 |     1 |     2 |    31 ||    53
 Stab: Invisible         |       |       |       |     2 |       |       |       |       |       ||     2
       Petrified         |       |       |       |       |    12 |       |       |       |       ||    12
       Distracted        |       |       |       |       |     6 |    10 |    13 |    10 |    19 ||    58
       Petrifying        |       |       |       |       |     2 |       |       |       |       ||     2
       Paralysed         |       |       |       |       |       |       |     2 |       |     9 ||    11
       Held in net/web   |       |       |       |       |       |       |       |     1 |       ||     1
Armor: Scale mail        |    51 |    61 |   104 |       |       |       |       |       |       ||   216
       Leather armour    |       |       |    42 |   242 |       |       |       |       |       ||   284
       Swamp dragon scal |       |       |       |    17 |   471 |       |       |       |       ||   488
       Quicksilver drago |       |       |       |       |   171 |   818 |       |       |       ||   989
       Robe              |       |       |       |       |    46 |       |       |       |       ||    46
       Crystal plate arm |       |       |       |       |       |   549 |  1197 |  2261 |  3878 ||  7885
       Skin              |       |       |       |       |       |     1 |       |       |       ||     1
       Fire dragon scale |       |       |       |       |       |       |       |       |   960 ||   960
Dodge: Dodged            |    56 |    44 |   102 |   337 |   866 |  1197 |   507 |   716 |  1911 ||  5736
Block: Other             |       |       |       |       |    88 |   386 |   251 |   468 |   705 ||  1898
       Reflection        |       |       |       |       |     3 |     8 |    23 |    20 |       ||    54
